 Dungeon Crawl Stone Soup version 0.20.1-1-g8b1a95d (webtiles) character file.

258 digijack the Skirmisher (level 6, -2/51 HPs)
             Began as a Merfolk Wanderer on Nov 27, 2017.
             Was an Initiate of Nemelex Xobeh.
             Slain by Terandir's ghost (18 damage)
             ... on level 4 of the Dungeon on Nov 28, 2017.
             The game lasted 00:20:55 (3077 turns).

digijack the Skirmisher (Merfolk Wanderer)          Turns: 3077, Time: 00:20:56

Health: -2/51      AC:  4    Str: 14    XL:     6   Next: 16%
Magic:  6/6        EV: 14    Int:  8    God:    Nemelex Xobeh [......]
Gold:   130        SH:  0    Dex: 17    Spells: 5/5 levels left

rFire    . . .     SeeInvis .   a - +5 spear
rCold    . . .     Gourm    .   (no shield)
rNeg     . . .     Faith    .   e - +2 robe
rPois    .         Spirit   .   (no helmet)
rElec    .         Reflect  .   (no cloak)
rCorr    .         Harm     .   (no gloves)
MR       .....                  (no boots)
Stlth    +++.......             (no amulet)
Regen    0.2/turn               (no ring)
MPRegen  0.1/turn               (no ring)

@: no status effects
A: change form in water, swift swim, stealthy swim
a: Renounce Religion


You were on level 4 of the Dungeon.
You worshipped Nemelex Xobeh.
Nemelex Xobeh was noncommittal.
You were not hungry.

You visited 1 branch of the dungeon, and saw 4 of its levels.

You collected 130 gold pieces.

Inventory:

Hand Weapons
 a - a +5 spear (weapon)
Armour
 e - a +2 robe (worn)
Scrolls
 d - 3 scrolls of remove curse
 h - 3 scrolls of identify
 m - a scroll of enchant armour
 o - a scroll of teleportation
Potions
 c - a potion of might
 j - a potion of haste
Miscellaneous
 k - an ornate deck of destruction {drawn: 1}
Comestibles
 b - a meat ration
 f - 6 bread rations
 g - 3 royal jellies
 i - 10 chunks of flesh
 n - a fruit


   Skills:
 + Level 5.3 Fighting
   Level 1.0(1.8) Axes
 + Level 4.4(4.7) Polearms
 - Level 1.0 Throwing
 - Level 1.3 Armour
 + Level 3.2 Dodging
 + Level 4.0 Stealth


You had 5 spell levels left.
You didn't know any spells.

Dungeon Overview and Level Annotations

Branches:
Dungeon (4/15)
 Temple: D:4-7

Altars:
Nemelex Xobeh
Sif Muna

Annotations:
D:4 Terandir's ghost, amateur MiFi


Message History

You hit Terandir's ghost.
Terandir's ghost is moderately damaged.
Terandir's ghost hits you.
You puncture Terandir's ghost!
Terandir's ghost is heavily damaged.
Terandir's ghost hits you but does no damage.
You hit Terandir's ghost but do no damage.
Terandir's ghost is heavily damaged.
Terandir's ghost misses you.
You barely miss Terandir's ghost.
Terandir's ghost is heavily damaged.
Terandir's ghost hits you!
You hit Terandir's ghost.
Terandir's ghost is heavily damaged.
Terandir's ghost hits you.
You closely miss Terandir's ghost.
Terandir's ghost is heavily damaged.
Terandir's ghost hits you!!
You die...
Your body disappears without a glow.

#.# #......... #..
#......... #.# #.........
###.### ##.o.......
##.....########.)....>...
##.<.....##.....o.##.?..#.
#.......(.##...#### ......
#.....).......#### ......
#..........##)W@.# ....##
#.........######.....?..#
#.........# ###.#####
##.......## # #.........#
#.........# #.........#
#.........# #.........#


You could see Terandir's ghost.

Vanquished Creatures
  An orc priest (D:4)
  Jessica (D:2)
  5 gnolls (D:3)
  3 adders
  2 oozes (D:1)
  4 worms
  2 dart slugs (D:2)
  4 leopard geckos
  12 orcs
  15 bats
  5 giant cockroaches
  8 goblins
  5 hobgoblins
  3 jackals (D:3)
  A quokka (D:3)
  2 frilled lizards (D:1)
  4 kobolds
  3 rats
80 creatures vanquished.

Vanquished Creatures (collateral kills)
  A gnoll (D:3)
  A hobgoblin (D:3)
2 creatures vanquished.

Grand Total: 82 creatures vanquished

Notes
Turn   | Place    | Note
-------+----------+-------------------------------------------
     0 | D:1      | digijack the Merfolk Wanderer began the quest for the Orb.
     0 | D:1      | digijack set off with: a +2 spear, a potion of lignification, 7 poisoned needles, a +0 blowgun, a +0 robe, a bread ration
     0 | D:1      | Reached XP level 1. HP: 20/20 MP: 1/1
   118 | D:1      | Reached XP level 2. HP: 23/26 MP: 2/2
   542 | D:1      | Reached skill level 1 in Dodging
   611 | D:1      | Reached XP level 3. HP: 31/31 MP: 3/3
  1019 | D:2      | Noticed Jessica
  1022 | D:2      | Killed Jessica
  1022 | D:2      | Reached XP level 4. HP: 38/38 MP: 4/4
  1063 | D:2      | Found a faded altar of an unknown god.
  1075 | D:2      | Became a worshipper of Sif Muna the Loreminder
  1075 | D:2      | Reached * piety under Sif Muna
  1798 | D:3      | Reached XP level 5. HP: 34/43 MP: 5/5
  1834 | D:3      | Reached skill level 5 in Fighting
  2057 | D:3      | Found a sparkling altar of Nemelex Xobeh.
  2062 | D:3      | Fell from the grace of Sif Muna
  2062 | D:3      | Became a worshipper of Nemelex Xobeh the Trickster
  2128 | D:3      | Received a gift from Nemelex Xobeh
  2537 | D:3      | Found a sparkling altar of Nemelex Xobeh.
  2972 | D:4      | Reached XP level 6. HP: 38/51 MP: 6/6
  3061 | D:4      | Noticed Terandir's ghost (amateur MiFi)
  3077 | D:4      | Slain by Terandir's ghost

Skill      XL: |  1  2  3  4  5  6 |
---------------+-------------------+-----
Polearms       | 2 3 4 |  4.4
Stealth        | 2 3 4 |  4.0
Dodging        | 1 2 3 |  3.2
Fighting       | 5 |  5.3
Axes           | |  1.0
Throwing       | |  1.0
Armour         | |  1.3

Action                   |  1- 3 |  4- 6 || total
-------------------------+-------+-------++-------
Melee: Spear             |    65 |   199 ||   264
Evoke: Deck              |       |     1 ||     1
  Use: Potion            |     6 |     3 ||     9
       Scroll            |     7 |     5 ||    12
 Stab: Sleeping          |     6 |     6 ||    12
       Distracted        |       |     2 ||     2
  Eat: Chunk             |       |     6 ||     6
       Fruit             |       |     1 ||     1
Armor: Robe              |    11 |    26 ||    37
Dodge: Dodged            |    31 |    67 ||    98
